 Dungeon Crawl Stone Soup version 0.17-a0-587-g4707e02 (webtiles) character file.

44281 UristPineapples the Brawler (level 13, -8/130 HPs)
             Began as a Troll Monk on Apr 15, 2015.
             Mangled by a white ugly thing (28 damage)
             ... on level 15 of the Dungeon.
             The game lasted 01:13:13 (16293 turns).

UristPineapples the Brawler (Troll Monk)           Turns: 16293, Time: 01:13:14

Health: -8/130     AC:  7    Str: 32    XL:     13   Next: 95%
Magic:  12/12      EV: 16    Int:  6    God:
Gold:   1174       SH:  0    Dex: 16    Spells: 0 memorised, 12 levels left

rFire  + . .     SeeInvis .       - Unarmed
rCold  . . .     Clarity  .     j - +2 troll leather armour
rNeg   . . .     SustAb   .     (no shield)
rPois  .         Gourm    +     (helmet restricted)
rElec  .         Spirit   .     (no cloak)
rCorr  .         Warding  .     (gloves unavailable)
rMut   .         Rnd*Tele +     (boots unavailable)
MR     .....                    C - amulet of regeneration (curse)
Stlth  +.........               i - +5 ring of strength
                                p - ring of protection from fire

@: mighty, not resistant to hostile enchantments, very unstealthy
A: unfitting armour, claws 3, deformed body, fast metabolism 3, gourmand,
regeneration 2, shaggy fur 1, teleportitis 1, tough skin 2
a: no special abilities


You were on level 15 of the Dungeon.
You were very full.

You visited 4 branches of the dungeon, and saw 25 of its levels.
You also visited: Ossuary.

You collected 1174 gold pieces.

Inventory:

Missiles
 h - 3 large rocks (quivered)
Armour
 j - a +2 troll leather armour (worn)
 V - a +2 robe of magic resistance
Jewellery
 i - a +5 ring of strength (right claw)
 p - a ring of protection from fire (left claw)
 q - an uncursed amulet of resist mutation
 w - an uncursed ring of positive energy
 C - a cursed amulet of regeneration (around neck)
 T - the ring "Pupaef" {rElec AC+3 Int+4 Dex-5 Slay+5}
   (You found it on level 9 of the Dungeon)

   [ring of protection]

   It affects your AC (+3).
   It affects your intelligence (+4).
   It affects your dexterity (-5).
   It affects your accuracy and damage with ranged weapons and melee attacks
   (+5).
   It insulates you from electricity.
Magical devices
 s - a wand of disintegration (16)
 y - a wand of hasting (2)
 z - a wand of paralysis (7)
 D - a wand of teleportation (0)
 R - a wand of fire (9)
 W - a wand of cold (6)
Scrolls
 d - 4 scrolls of fear
 e - 4 scrolls of amnesia
 k - 4 scrolls of recharging
 o - 6 scrolls of remove curse
 F - a scroll of fog {unknown}
 I - 2 scrolls of vulnerability {unknown}
 K - a scroll of magic mapping
 L - 4 scrolls of blinking {unknown}
 S - 3 scrolls of immolation {unknown}
 X - 2 scrolls of teleportation {unknown}
Potions
 c - 3 potions of brilliance
 g - a potion of agility
 m - 2 potions of lignification
 n - 2 potions of curing
 r - 2 potions of restore abilities
 A - 2 potions of mutation
 G - 3 potions of cancellation {unknown}
 J - a potion of invisibility {unknown}
 Z - a potion of flight {unknown}
Books
 t - a book of Maledictions

   Spells                             Type                      Level
   a - Corona                         Hexes                        1
   b - Ensorcelled Hibernation        Hexes/Ice                    2
   c - Confuse                        Hexes                        3
   d - Tukima's Dance                 Hexes                        3
   e - Dazzling Spray                 Conjuration/Hexes            3
 B - a book of Annihilations {highlevel, unknown}

   This book is beyond your current level of understanding.

   Spells                             Type                      Level
   a - Poison Arrow                   Conjuration/Poison           6
   b - Chain Lightning                Conjuration/Air              8
   c - Lehudib's Crystal Spear        Conjuration/Earth            8
   d - Glaciate                       Conjuration/Ice              9
   e - Fire Storm                     Conjuration/Fire             9
 E - a book of Summonings

   Spells                             Type                      Level
   a - Abjuration                     Summoning                    3
   b - Recall                         Summoning/Translocation      3
   c - Shadow Creatures               Summoning                    5
   d - Summon Demon                   Summoning                    5
   e - Summon Forest                  Summoning/Translocation      5
   f - Monstrous Menagerie            Summoning                    6
 P - a book of Death

   Spells                             Type                      Level
   a - Corpse Rot                     Necromancy                   2
   b - Sublimation of Blood           Necromancy                   2
   c - Agony                          Necromancy                   5
   d - Dispel Undead                  Necromancy                   5
   e - Excruciating Wounds            Charms/Necromancy            5
   f - Bolt of Draining               Conjuration/Necromancy       5
 Q - a book of Unlife

   Spells                             Type                      Level
   a - Recall                         Summoning/Translocation      3
   b - Animate Dead                   Necromancy                   4
   c - Control Undead                 Necromancy                   4
   d - Cigotuvi's Embrace             Necromancy                   5
   e - Death Channel                  Necromancy                   6
   f - Simulacrum                     Ice/Necromancy               6
Comestibles
 a - 2 mutagenic chunks of flesh
 b - 11 bread rations
 f - a slice of pizza
 l - 10 meat rations
 v - 12 fruits
 x - 3 beef jerkies
 O - 4 royal jellies


   Skills:
 + Level 8.8 Fighting
 + Level 9.7 Dodging
 - Level 1.1 Stealth
 * Level 18.8 Unarmed Combat


You had 12 spell levels left.
You didn't know any spells.

Dungeon Overview and Level Annotations

Branches:
Dungeon (15/15)            Temple (1/1) D:5            Lair (8/8) D:8
 Shoals (0/5) Lair:3        Slime (1/6) Lair:6          Orc (0/4) D:9
 Vaults (0/5) D:14
  Snake: Lair:3-6    Spider: Lair:3-6    Depths: D:15

Altars:
Ashenzari
Cheibriados
Dithmenos
Elyvilon
Fedhas
Gozag
Kikubaaqudgha
Makhleb
Nemelex Xobeh
Okawaru
Qazlal
Ru
Sif Muna
Trog
Vehumet
Xom
Yredelemnul
Zin
The Shining One

Annotations:
D:6 1 runed door


Innate Abilities, Weirdness & Mutations

You are too large for most types of armour.
You have claws for hands.
Your metabolism is lightning-fast.
You like to eat raw meat.
You heal very quickly.
You are covered in fur (AC +1).
You have very tough skin (AC +2).
Armour fits poorly on your strangely shaped body.
You are occasionally teleported to nearby monsters.


Message History

The purple ugly thing seems less confused.
The white ugly thing tail-slaps you but does no damage.
A cyclops comes into view.
You mangle the white ugly thing!! You claw the white ugly thing.
The white ugly thing is severely wounded.
The white ugly thing tail-slaps you! The white ugly thing freezes you!!
Unknown command.
You closely miss the white ugly thing.
The white ugly thing is severely wounded.
Unknown command.
The cyclops throws a large rock.
The large rock hits you!!!
* * * LOW HITPOINT WARNING * * *
You see here a large rock.
Drink which item? (? for menu, Esc to quit)
You feel better. The white ugly thing misses you.
Drink which item? (? for menu, Esc to quit)
You feel better. The white ugly thing tail-slaps you.
* * * LOW HITPOINT WARNING * * *
The white ugly thing freezes you!!
You die...

. .. ##########.
...........
...........#####
...............#
.......))).....#
........[.).....#
......N..u@.#####
...P..P.†u..#
....(......#
....(......#
.(...P.......
..C.####..#.. ...
...#.. .. ...# .
###


You could see a salamander stormcaller, 2 ugly things and a cyclops.

Vanquished Creatures
  5 vault guards (D:14)
  A rakshasa (D:14)
  Josephine (Lair:4)
  A hydra (D:12)
  3 centaur warriors
  The ghost of Baka the Basher, a powerful GrFi of Okawaru (D:10)
  An ogre mage (D:14)
  Nergalle (D:12)
  The ghost of Conn321 the Shield-Bearer, an experienced MiFi (D:6)
  An unseen horror (D:11)
  3 hill giants
  A cyclops (D:15)
  A manticore (D:12)
  2 ugly things (D:15)
  3 black mambas
  An orc sorcerer (D:14)
  A sixfirhy (D:14)
  A fire drake (Lair:6)
  2 kobold demonologists (D:11)
  7 spiny frogs
  4 gargoyles
  7 komodo dragons
  2 yaktaurs (D:14)
  A freezing wraith (D:14)
  4 trolls
  The ghost of kal9871 the Nimble, an experienced SpAK of Lugonu (D:5)
  2 slime creatures (Lair:6)
  A two-headed ogre (D:9)
  2 trapdoor spiders
  4 wraiths (Lair:4)
  3 deep elf magi
  5 basilisks
  A vampire (D:14)
  A spriggan (Lair:4)
  3 shadows
  A wyvern (D:14)
  5 hippogriffs
  24 yaks
  2 steam dragons
  A soldier ant (D:15)
  5 swamp worms (D:13)
  Edmund (D:5)
  A mottled dragon (D:14)
  6 water moccasins
  12 porcupines
  5 sky beasts
  4 ice beasts
  13 orc warriors
  An eye of draining (shapeshifter) (D:15)
  14 centaurs
  6 ogres
  3 phantoms
  A boring beetle (Lair:5)
  4 eyes of draining
  7 crocodiles
  8 giant frogs
  3 big kobolds
  3 water moccasin zombies (Ossuary)
  3 scorpions
  The ghost of frag the Shield-Bearer, a weakling DgFi (D:3)
  2 spriggan skeletons (D:9)
  5 wights (D:10)
  A troll skeleton (D:9)
  3 electric eels (D:9)
  3 crimson imps
  2 giant frog zombies
  2 centaur zombies
  4 hounds
  A quasit (D:13)
  3 lava snakes (Lair:4)
  2 giant frog skeletons
  3 centaur skeletons
  4 jellies
  19 orc wizards
  14 orc priests
  9 worker ants
  12 iguanas
  A killer bee zombie (D:9)
  9 sheep (Lair:4)
  2 big kobold zombies (Ossuary)
  A hound skeleton (D:4)
  3 mummies
  7 adders
  30 river rats
  5 shadow imps
  2 oozes
  An adder skeleton (D:4)
  5 adder zombies
  2 sheep zombies (Lair:4)
  16 worms
  5 giant geckos
  80 orcs
  3 bat skeletons
  9 giant cockroaches
  13 hobgoblins
  4 jackals (D:9)
  15 bats
  3 giant newts
  3 giant spores
  A gnoll zombie (Ossuary)
  9 goblins
  6 hobgoblin zombies (Ossuary)
  30 kobolds
  8 kobold zombies (Ossuary)
  5 orc zombies (Ossuary)
  7 quokkas
  A quokka zombie (D:4)
  12 rats
  A rat zombie (D:4)
  3 ballistomycetes
  2 plants
606 creatures vanquished.

Vanquished Creatures (others)
  A troll (D:11)
  An ogre (D:11)
  A centaur skeleton (D:11)
  An orc zombie (Ossuary)
  6 plants
10 creatures vanquished.

Grand Total: 616 creatures vanquished

Notes
Turn   | Place    | Note
--------------------------------------------------------------
     0 | D:1      | UristPineapples, the Troll Monk, began the quest for the Orb.
     0 | D:1      | Reached XP level 1. HP: 22/22 MP: 0/0
   265 | D:1      | Reached XP level 2. HP: 29/29 MP: 1/1
   896 | D:2      | Reached XP level 3. HP: 36/36 MP: 2/2
  1381 | D:3      | Noticed frag's ghost (weakling DgFi)
  1481 | D:3      | Killed frag's ghost
  1481 | D:3      | Reached skill level 5 in Unarmed Combat
  1481 | D:3      | Reached XP level 4. HP: 37/44 MP: 3/3
  1677 | D:3      | Found a snail-covered altar of Cheibriados.
  1767 | D:3      | Found a shadowy altar of Dithmenos.
  1851 | D:3      | Reached XP level 5. HP: 50/50 MP: 4/4
  2132 | D:4      | Found a sand-covered staircase.
  2156 | Ossuary  | Entered an ossuary
  2204 | Ossuary  | Reached skill level 6 in Unarmed Combat
  2357 | Ossuary  | Reached XP level 6. HP: 51/59 MP: 5/5
  2479 | Ossuary  | Reached skill level 7 in Unarmed Combat
  2829 | D:4      | Reached XP level 7. HP: 61/66 MP: 6/6
  2945 | D:4      | Noticed a phantom
  2954 | D:4      | Killed a phantom
  3491 | D:5      | Entered Level 5 of the Dungeon
  3491 | D:5      | Found a staircase to the Ecumenical Temple.
  3496 | Temple   | Entered the Ecumenical Temple
  3634 | D:5      | Noticed kal9871's ghost (experienced SpAK)
  3639 | D:5      | Reached skill level 14 in Unarmed Combat
  3639 | D:5      | Reached XP level 8. HP: 74/74 MP: 7/7
  3653 | D:5      | Killed kal9871's ghost
  3810 | D:5      | Noticed Edmund
  3818 | D:5      | Killed Edmund
  4554 | D:6      | Reached XP level 9. HP: 77/80 MP: 8/8
  4565 | D:6      | Found a glowing golden altar of the Shining One.
  4565 | D:6      | Found a runed door.
  4565 | D:6      | Noticed an angel
  4712 | D:6      | Noticed Conn321's ghost (experienced MiFi)
  4775 | D:6      | Killed Conn321's ghost
  4775 | D:6      | Reached skill level 5 in Dodging
  6148 | D:8      | Reached XP level 10. HP: 81/92 MP: 9/9
  6242 | D:8      | Reached skill level 15 in Unarmed Combat
  6312 | D:8      | Found a staircase to the Lair.
  6755 | D:8      | Got a bloodstained long sword
  6756 | D:8      | Identified the +6 long sword of Zuacozye {slice, rC- Dex+6} (You took it off an orc on level 8 of the Dungeon)
  6917 | Lair:1   | Entered Level 1 of the Lair of Beasts
  7819 | Lair:2   | Reached XP level 11. HP: 85/101 MP: 10/10
  8172 | Lair:2   | Noticed a black mamba
  8181 | Lair:2   | Killed a black mamba
  8181 | Lair:2   | Reached skill level 5 in Fighting
  8244 | Lair:2   | Noticed a seven-headed hydra
  8378 | Lair:3   | Found a staircase to the Shoals.
  8378 | Lair:3   | Noticed an eight-headed hydra
  8673 | D:9      | Found a runed door.
  9099 | D:9      | Reached skill level 16 in Unarmed Combat
  9195 | D:9      | Found a glowing golden altar of the Shining One.
  9376 | D:9      | Got a bound lead ring
  9377 | D:9      | Identified the ring "Pupaef" {rElec AC+3 Int+4 Dex-5 Slay+5} (You found it on level 9 of the Dungeon)
  9635 | D:9      | Found a staircase to the Orcish Mines.
 10064 | Lair:4   | HP: 1/105 [molten gargoyle/bolt of magma (20)]
 10281 | Lair:4   | Noticed Josephine
 10324 | Lair:4   | Killed Josephine
 10426 | Lair:4   | Reached XP level 12. HP: 78/114 MP: 11/11
 10500 | Lair:4   | Noticed a six-headed hydra
 10527 | Lair:4   | You fall through a shaft!
 10589 | Lair:8   | Entered Level 8 of the Lair of Beasts
 10678 | Lair:6   | Found a staircase to the Slime Pits.
 11138 | Slime:1  | Entered Level 1 of the Pits of Slime
 11138 | Slime:1  | Noticed an azure jelly
 11138 | Slime:1  | Noticed an azure jelly
 11211 | Lair:4   | Reached skill level 17 in Unarmed Combat
 11469 | D:10     | Entered Level 10 of the Dungeon
 12015 | D:10     | Noticed Baka's ghost (powerful GrFi)
 12031 | D:10     | Killed Baka's ghost
 12408 | D:11     | Found a shimmering altar of Xom.
 12456 | D:11     | Gained mutation: You have a pair of small antennae on your head. [mutagenic meat]
 13058 | D:11     | Gained mutation: You are occasionally teleported to nearby monsters. [mutagenic meat]
 13404 | D:12     | Reached XP level 13. HP: 113/124 MP: 12/12
 13458 | D:12     | Noticed a five-headed hydra
 13515 | D:12     | Killed an eight-headed hydra
 14051 | D:12     | Noticed Nergalle
 14057 | D:12     | Killed Nergalle
 14322 | D:13     | Reached skill level 18 in Unarmed Combat
 14896 | D:14     | Found a bloodstained altar of Trog.
 15898 | D:14     | Found a gate to the Vaults.
 16220 | D:15     | Entered Level 15 of the Dungeon
 16232 | D:15     | Lost mutation: You have a pair of small antennae on your head. [mutagenic meat]
 16233 | D:15     | Gained mutation: Armour fits poorly on your strangely shaped body. [mutagenic meat]
 16291 | D:15     | HP: 4/130 [cyclops/large rock (46)]
 16293 | D:15     | Mangled by a white ugly thing

Action                   |  1- 3 |  4- 6 |  7- 9 | 10-12 | 13-15 || total
-------------------------+-------+-------+-------+-------+-------++-------
Melee: Unarmed           |    79 |   200 |   267 |   803 |   306 ||  1655
Throw: Tomahawk          |       |       |       |     2 |       ||     2
       Javelin           |       |       |       |     3 |       ||     3
       Large rock        |       |       |       |       |     3 ||     3
Evoke: Wand              |       |       |       |     2 |     2 ||     4
  Use: Potion            |     5 |       |     4 |    10 |     5 ||    24
       Scroll            |       |       |     9 |    18 |     3 ||    30
 Stab: Sleeping          |       |       |     1 |     3 |       ||     4
       Paralysed         |       |       |       |       |     2 ||     2
       Confused          |       |       |       |       |     1 ||     1
  Eat: Chunk             |    17 |    14 |    30 |    76 |    29 ||   166
